Map: Frozen Temple

Players

Miszu - Winner!

  • Race: Terran Terran
  • League: Master

JeSuisCharli

  • Race: Protoss Protoss
  • League: Master

VOD

Have the link to the VOD?

Description

Time

  • Played on: March 30, 2016, 3:09 p.m.
  • Length: 10:16
Show
View Real Time Build Order
Export as new Build Order

Miszu Terran - Winner!

Build Orders: Reaper Expand, MMM Bio 

Get SALT Encoding   

  12  0:00  SCV  
  13  0:12  SCV  
  14  0:18  Supply Depot  
  14  0:25  SCV  
  15  0:39  SCV  
  15  0:41  Barracks  
  16  0:44  Refinery  
  16  0:51  SCV  
  17  1:03  SCV  
  18  1:16  SCV  
  19  1:28  Orbital Command  
  19  1:30  Reaper  
  20  1:40  Command Center  
  20  1:50  Supply Depot  
  20  1:54  SCV  
  20  1:58  Refinery  
  21  2:02  Barracks Reactor  
  21  2:06  SCV  
  22  2:18  SCV  
  23  2:24  Factory  
  23  2:30  SCV  
  24  2:39  Marine x2  
  24  2:43  SCV  
  27  2:53  Orbital Command  
  27  2:55  SCV  
  27  2:57  Marine x2  
  30  3:07  SCV  
  30  3:09  Factory Tech Lab  
  30  3:10  Barracks  
  30  3:11  Barracks  
  31  3:19  SCV  
  32  3:20  SCV  
  32  3:31  Cyclone, SCV  
  32  3:32  SCV  
  37  3:41  Marine x2  
  37  3:43  SCV  
  37  3:44  SCV  
  41  3:52  Supply Depot  
  41  3:55  SCV  
  42  3:56  SCV  
  42  3:57  Starport  
  42  3:59  Marine x2  
  42  4:00  Barracks Tech Lab  
  45  4:07  SCV  
  46  4:14  SCV  
  46  4:15  Supply Depot  
  46  4:16  Marine x2, Stimpack  
  46  4:17  Marine  
  49  4:19  SCV, Factory Reactor  
  49  4:20  Marine  
  52  4:26  SCV  
  53  4:31  SCV  
  53  4:35  Engineering Bay, Refinery  
  53  4:37  Marine x2  
  56  4:38  SCV  
  56  4:39  Marine  
  56  4:40  Supply Depot, Marine  
  56  4:43  SCV  
  60  4:50  SCV  
  61  4:54  Marine  
  62  5:01  Marine, SCV  
  62  5:02  SCV  
  62  5:04  Medivac x2  
  69  5:13  SCV  
  70  5:22  Supply Depot  
  70  5:26  Terran Infantry Weapons Level 1  
  70  5:30  Supply Depot  
  70  5:37  Combat Shields  
  70  5:44  Marine, Marauder x2, SCV x2  
  77  5:52  Medivac x2  
  77  5:54  Supply Depot  
  77  5:56  Supply Depot, SCV x2  
  83  5:58  Marine, Command Center  
  83  5:59  Refinery  
  84  6:07  Barracks  
  84  6:08  Barracks, SCV  
  84  6:09  SCV  
  86  6:16  Marine, Marauder  
  89  6:21  Marine, Marauder, SCV  
  93  6:28  Liberator  
  91  6:34  Marine  
  91  6:38  Marauder  
  91  6:39  Marine, Liberator  
  95  6:42  Marauder  
  95  6:47  SCV x2  
  102  6:51  Marine  
  101  6:59  SCV  
  102  7:02  Barracks Tech Lab  
  102  7:03  Barracks Reactor  
  102  7:06  Supply Depot x2  
  102  7:08  Supply Depot  
  102  7:09  Marine, SCV  
  102  7:11  SCV, Orbital Command  
  102  7:12  Supply Depot  
  105  7:16  Liberator  
  105  7:21  SCV  
  106  7:23  SCV  
  106  7:25  Marine, Marauder x2  
  106  7:26  Marauder  
  114  7:33  Marine, SCV  
  114  7:35  SCV  
  114  7:37  SCV  
  121  7:39  Marine  
  121  7:40  Marine  
  121  7:43  Terran Infantry Armor Level 1  
  123  7:45  SCV  
  123  7:46  Supply Depot  
  123  7:47  SCV  
  123  7:48  Supply Depot  
  123  7:49  SCV  
  126  7:53  Marine  
  126  7:54  Marine  
  126  7:56  Marine x2  
  126  7:57  Marine x2  
  126  7:58  Marine, SCV  
  134  8:02  Engineering Bay  
  134  8:04  Armory  
  134  8:05  SCV x2  
  136  8:07  Liberator  
  136  8:08  Liberator  
  136  8:10  SCV  
  136  8:11  Marine  
  138  8:14  Marauder  
  140  8:25  Marine, Marauder  
  140  8:26  Marine x2, Marauder  
  149  8:29  Marine  
  150  8:35  Marine  
  150  8:43  Marine x3  
  150  8:47  Marine, Marauder x2  
  152  8:50  Liberator  
  152  8:53  Marine  
  153  8:55  Supply Depot  
  153  8:56  Supply Depot, Refinery  
  153  8:57  Refinery  
  153  9:01  Starport, Marine x3  
  156  9:05  Marine  
  156  9:09  Barracks x3  
  160  9:19  Marine, Marauder  
  160  9:20  Marine  
  160  9:21  Marauder  
  160  9:23  Marine, Marauder  
  169  9:31  Supply Depot  
  169  9:34  Supply Depot x2, Marine  
  169  9:37  Marine  
  171  9:41  Marine, Marauder  
  171  9:42  Marauder  
  175  9:47  Starport Tech Lab  
  175  9:50  Fusion Core  
  175  9:51  Missile Turret  
  175  9:56  Marine x4  
Show
View Real Time Build Order
Export as new Build Order

JeSuisCharli Protoss 

Build Orders: 1 Gate Expand 

Get SALT Encoding   

  12  0:01  Probe (Chrono Boost)  
  13  0:11  Probe (Chrono Boost)  
  14  0:18  Pylon  
  14  0:22  Probe (Chrono Boost)  
  15  0:36  Probe (Chrono Boost)  
  15  0:38  Gateway  
  16  0:47  Probe (Chrono Boost)  
  17  1:07  Nexus  
  17  1:14  Assimilator  
  17  1:15  Probe (Chrono Boost)  
  18  1:28  Cybernetics Core, Probe (Chrono Boost)  
  19  1:39  Probe (Chrono Boost)  
  20  1:40  Assimilator  
  20  1:47  Pylon  
  20  1:49  Probe (Chrono Boost)  
  21  2:00  Probe (Chrono Boost)  
  22  2:06  Adept (Chrono Boost)  
  22  2:07  Warp Gate  
  24  2:11  Probe  
  25  2:17  Probe  
  26  2:23  Probe (Chrono Boost)  
  26  2:28  Robotics Facility  
  26  2:29  Probe (Chrono Boost)  
  28  2:31  Adept (Chrono Boost)  
  28  2:35  Probe (Chrono Boost)  
  31  2:40  Probe (Chrono Boost)  
  32  2:46  Probe (Chrono Boost)  
  32  2:52  Probe (Chrono Boost)  
  32  2:56  Probe (Chrono Boost)  
  34  2:58  Adept  
  34  3:03  Mothership Core (Chrono Boost)  
  38  3:07  Probe (Chrono Boost)  
  39  3:16  Observer (Chrono Boost)  
  39  3:17  Probe (Chrono Boost)  
  41  3:21  Probe (Chrono Boost)  
  41  3:26  Pylon  
  41  3:28  Probe (Chrono Boost)  
  42  3:34  Pylon, Probe  
  42  3:36  Warp Prism (Chrono Boost)  
  45  3:43  Gateway  
  45  3:46  Gateway  
  45  3:48  Probe  
  45  3:49  Probe  
  47  3:59  Twilight Council  
  47  4:01  Probe x2  
  47  4:02  Forge  
  48  4:05  Assimilator  
  48  4:08  Assimilator  
  49  4:13  Probe  
  49  4:14  Observer (Chrono Boost)  
  51  4:17  Probe  
  51  4:20  Pylon  
  51  4:22  Blink  
  52  4:25  Probe  
  52  4:28  Probe  
  53  4:33  Pylon  
  53  4:34  Stalker  
  53  4:37  Probe  
  56  4:40  Protoss Ground Weapons Level 1 (Chrono Boost)  
  56  4:41  Observer  
  56  4:43  Probe  
  58  4:49  Probe  
  59  4:55  Probe  
  59  4:59  Stalker x3  
  66  5:03  Pylon  
  66  5:18  Nexus  
  66  5:22  Robotics Bay  
  66  5:32  Sentry  
  66  5:33  Gateway  
  66  5:35  Gateway  
  68  5:40  Gateway  
  68  5:43  Sentry  
  68  5:45  Stalker  
  68  5:48  Pylon  
  68  5:49  Probe  
  73  5:52  Probe  
  74  6:00  Stalker  
  74  6:01  Probe  
  77  6:09  Colossus (Chrono Boost)  
  83  6:12  Pylon  
  83  6:17  Extended Thermal Lance  
  83  6:26  Pylon  
  83  6:27  Pylon  
  81  6:37  Adept  
  81  6:38  Adept x2  
  79  6:50  Protoss Ground Weapons Level 2  
  77  6:54  Probe x2  
  77  6:59  Probe  
  74  7:06  Pylon, Probe  
  75  7:09  Probe  
  75  7:12  Probe  
  77  7:15  Stalker  
  77  7:18  Probe  
  77  7:20  Probe  
  81  7:30  Probe  
  81  7:31  Colossus (Chrono Boost)  
  81  7:32  Assimilator  
  81  7:33  Probe x2  
  81  7:35  Assimilator  
  90  7:41  Probe  
  91  7:45  Pylon, Probe  
  91  7:46  Probe  
  93  7:54  Probe  
  93  7:58  Probe x2  
  96  8:03  Dark Shrine  
  96  8:04  Stalker x2, Probe  
  100  8:06  Zealot x2  
  100  8:10  Probe  
  100  8:12  Probe  
  107  8:15  Probe  
  107  8:17  Stalker x2  
  110  8:24  Probe  
  110  8:25  Probe  
  106  8:28  Adept x2  
  106  8:29  Adept  
  106  8:30  Probe  
  106  8:33  Zealot  
  112  8:40  Probe  
  109  8:46  Probe  
  109  8:47  Probe  
  108  8:49  Stalker  
  108  8:50  Stalker  
  108  8:52  Probe  
  113  8:56  Probe  
  121  9:03  Colossus (Chrono Boost)  
  121  9:04  Probe  
  121  9:05  Mothership Core  
  121  9:08  Probe  
  124  9:15  Gateway  
  124  9:18  Gateway  
  124  9:19  Probe x2  
  124  9:24  Pylon  
  126  9:37  Dark Shrine  
  126  9:40  Probe x2  
  128  9:47  Pylon  
  128  9:48  Adept  
  128  9:49  Adept x2  
  108  10:10  Adept x4  
Tags
 
Add a new tag
Caveats
  • Supply blocks, unpowered buildings, or Contaminate may cause inaccurate times.
  • Supply counts are checked every 10 seconds.